 Dungeon Crawl Stone Soup version 0.31-a0-188-g5e087ee2ca (webtiles) character file.

Game seed: 18328651754755903990

115 qw the Skirmisher (level 4, -1/25 HPs)
             Began as a Deep Elf Hunter on June 22, 2023.
             Slain by a goblin
             ... wielding a +0 club
             ... led by Robin
              (3 damage)
             ... on level 3 of the Dungeon.
             The game lasted 00:00:38 (1757 turns).

qw the Skirmisher (Deep Elf Hunter)                 Turns: 1757, Time: 00:00:38

Health: -1/25      AC:  5    Str: 10      XL:     4   Next: 68%
Magic:  6/6        EV: 11    Int: 12 (14) God:
Gold:   113        SH:  0    Dex: 23 (24) Spells: 3/3 levels left

rFire   . . .        Y - +1 shortbow
rCold   . . .        (shield currently unavailable)
rNeg    . . .        c - +0 ring mail
rPois   .            (no helmet)
rElec   .            (no cloak)
rCorr   .            (no gloves)
SInv    .            (no boots)
Will    .....        (no amulet)
Stlth   ++           e - +6 ring of dexterity
HPRegen 0.24/turn    (no ring)
MPRegen 0.10/turn

%: no passive effects
@: no status effects
A: no striking features
a: no special abilities


You were on level 3 of the Dungeon.
You visited 1 branch of the dungeon, and saw 3 of its levels.

You collected 113 gold pieces.


   Skills:
 - Level 1.5 Fighting
 + Level 8.1 Ranged Weapons
 - Level 2.4 Dodging
 - Level 1.2 Stealth


You had 3 spell levels left.
You didn't know any spells.
Your spell library was empty.

Inventory:

Hand Weapons
 Y - a +1 shortbow (weapon)
Armour
 c - a +0 ring mail (worn)
 f - a +0 pair of gloves
Jewellery
 e - a +6 ring of dexterity (left hand)
Scrolls
 i - a scroll of immolation {unknown}
Potions
 a - a potion of magic {unknown}
 b - 2 potions of enlightenment
 d - a potion of haste {unknown}
 g - 2 potions of lignification {unknown}
 h - a potion of ambrosia {unknown}
 k - 2 potions of curing {unknown}
 l - a potion of invisibility {unknown}

Dungeon Overview and Level Annotations

Branches:
Dungeon (3/15)

Altars:
Xom
Yredelemnul

Annotations:
D:3 Robin


Message History

The goblin shouts!
The arrow hits the goblin.
The goblin is severely wounded.
You hear a shout!
Robin throws the goblin at you!
You shoot an arrow. The goblin shouts!
The arrow hits the goblin!
You kill the goblin!
A goblin comes into view. It is wielding a +0 dagger.
You shoot an arrow. The arrow hits the goblin!
You kill the goblin!
A goblin comes into view. It is wielding a +0 club.
Robin throws the goblin at you!
You shoot an arrow. The arrow barely misses the goblin.
Robin says, "Kneel, worm!"
Robin roars a battlecry!
The goblins go into a battle-frenzy!
The goblin hits you with a +0 club.
A goblin comes into view. It is wielding a +0 club.
A quokka comes into view.
Robin throws the goblin at you! The endoplasm barely misses you.
The goblin hits you with a +0 club.
You hear a shout!
You shoot an arrow. The arrow hits the endoplasm!
You kill the endoplasm!
The goblin barely misses you. The goblin hits you with a +0 club.
You shoot an arrow. The arrow hits the goblin!
You kill the goblin!
The hobgoblin hits you. The goblin hits you but does no damage.
You shoot an arrow.
The arrow hits the goblin but does no damage.
The hobgoblin misses you.
A goblin comes into view. It is wielding a +0 club.
The goblin hits you with a +0 club. The quokka bites you.
You shoot an arrow. The arrow hits the quokka!
You kill the quokka!
The hobgoblin hits you. Robin throws the goblin at you!
The goblin hits you with a +0 club.
You die...

#.# ( .. #.# )g #.# . #.
#w# # #g# #.# . gg #.# .
#g #.# #g## #.# #g@# #.#
##g# ####.#### . #.#
#.......# ....###.##
#.......#
.........###.......#####
####.###.........<.)....
#.~~~~~~~......).....
#.~#####~..#)######## #.
#~~~#~#_#..#


You could see Robin, a hobgoblin (strong) and 6 goblins.

Vanquished Creatures
  Jessica (D:3)
  An orc wizard (D:3)
  An adder (D:2)
  A worm (D:2)
  3 dart slugs
  3 orcs (D:3)
  3 bats
  2 endoplasms
  A giant cockroach (D:1)
  6 goblins
  4 hobgoblins
  2 quokkas
  3 ball pythons
  5 frilled lizards
  5 kobolds
  5 rats
46 creatures vanquished.

Notes
Turn   | Place    | Note
-------+----------+-------------------------------------------
     0 | D:1      | qw the Deep Elf Hunter began the quest for the Orb.
     0 | D:1      | Reached XP level 1. HP: 12/12 MP: 3/3
     0 | D:1      | 0 ||| qw: Version: 0.3-a-9-g12657ce
     0 | D:1      | 0 ||| qw: Game counter: 2985
     0 | D:1      | 0 ||| qw: Always use a shield: true
     0 | D:1      | 0 ||| qw: God list: Okawaru
     0 | D:1      | 0 ||| qw: Allow faded altars: false
     0 | D:1      | 0 ||| qw: Do Orc after D:15 true
     0 | D:1      | 0 ||| qw: Do second Lair branch before Depths: true
     0 | D:1      | 0 ||| qw: Lair rune preference: random
     0 | D:1      | 0 ||| qw: Plans: Normal
     0 | D:1      | 0 ||| PLANNING D:1-11
    94 | D:1      | HP: 3/12 [quokka (4)]
   266 | D:1      | You fall into a shaft and drop 1 floor!
   291 | D:2      | Reached skill level 6 in Ranged Weapons
   291 | D:2      | Reached XP level 2. HP: 12/16 MP: 4/4
   308 | D:2      | 308 ||| READING scroll labelled QOKOTI DICSA.
   309 | D:2      | 309 ||| DRINKING 2 sedimented amethyst potions.
   310 | D:2      | 310 ||| DROPPING scroll of butterflies.
   311 | D:2      | 311 ||| DROPPING potion of degeneration.
   902 | D:1      | 902 ||| UPGRADING to +0 scale mail.
   912 | D:1      | 912 ||| DROPPING +0 leather armour.
   913 | D:1      | 913 ||| READING scroll labelled WANGAQ FUIFFIHA.
   914 | D:1      | 914 ||| READING scroll labelled ERUALOKHL XEJOS.
   915 | D:1      | 915 ||| READING scroll labelled LAUCED KYIJEUWK.
  1050 | D:2      | HP: 3/16 [frilled lizard (2)]
  1055 | D:2      | HP: 2/16 [frilled lizard (1)]
  1059 | D:2      | Reached XP level 3. HP: 2/20 MP: 5/5
  1535 | D:2      | 1535 ||| UPGRADING to +0 ring mail.
  1545 | D:2      | 1545 ||| DROPPING +0 scale mail.
  1546 | D:2      | 1546 ||| UPGRADING to +6 ring of dexterity.
  1547 | D:2      | 1547 ||| DROPPING ring of flight.
  1548 | D:2      | 1548 ||| READING scroll labelled YNITZIU TOFF.
  1549 | D:2      | 1549 ||| DRINKING 3 viscous cyan potions.
  1563 | D:3      | Reached skill level 7 in Ranged Weapons
  1566 | D:3      | Noticed a wight
  1582 | D:3      | Noticed Jessica
  1587 | D:3      | Killed Jessica
  1588 | D:3      | Reached XP level 4. HP: 25/25 MP: 6/6
  1657 | D:3      | Found a faded altar of an unknown god.
  1664 | D:3      | Found a shimmering altar of Xom.
  1664 | D:3      | Found a basalt altar of Yredelemnul.
  1685 | D:3      | 1685 ||| FLEEEEING.
  1686 | D:3      | 1686 ||| FLEEEEING.
  1692 | D:3      | Reached skill level 8 in Ranged Weapons
  1707 | D:3      | 1707 ||| FLEEEEING.
  1708 | D:3      | 1708 ||| FLEEEEING.
  1709 | D:3      | 1709 ||| FLEEEEING.
  1710 | D:3      | 1710 ||| FLEEEEING.
  1749 | D:3      | Noticed Robin
  1756 | D:3      | HP: 5/25 [quokka (3)]
  1757 | D:3      | HP: 2/25 [hobgoblin[Robin] (3)]
  1757 | D:3      | Slain by a goblin

Levels and vault maps discovered:
D:1:      mrwooster_arrival_arrow, layout_loops_corners
D:2:      layout_rooms
D:3:      layout_rooms, nicolae_overflow_two_pavilions, basic_ecumenical_altar,
          gammafunk_ghost_mausoleum, uniq_jessica, uniq_robin

Skill      XL: |  1  2  3  4 |
---------------+-------------+-----
Ranged Weapons | 6 7 8 |  8.1
Fighting       | |  1.5
Dodging        | |  2.4
Stealth        | |  1.2

Action                     |  1- 3 |  4- 6 || total
---------------------------+-------+-------++-------
   Fire: Shortbow          |    96 |    29 ||   125
    Use: Scroll            |     5 |       ||     5
         Potion            |     2 |       ||     2
 Armour: Leather armour    |     4 |       ||     4
         Scale mail        |    28 |       ||    28
         Ring mail         |     1 |     5 ||     6
  Dodge: Dodged            |    28 |     5 ||    33

Table legend:
 A = Non-vault XP
 B = Vault XP
 C = Vault XP percentage of total XP
 D = Non-vault monster count
 E = Vault monster count
 F = Vault count percentage of total count
                 A         B        C        D         E       F
            +---------+---------+-------+---------+---------+-------
      Total |     124 |      43 |  25.7 |      42 |       4 |   8.7
            +---------+---------+-------+---------+---------+-------
        D:1 |      24 |       0 |   0.0 |      14 |       0 |   0.0
        D:2 |      38 |       0 |   0.0 |      16 |       0 |   0.0
        D:3 |      62 |      43 |  41.0 |      12 |       4 |  25.0
            +---------+---------+-------+---------+---------+-------
